 Dungeon Crawl Stone Soup version 0.20.0-8-g6b59dc7 (webtiles) character file.

59 inmateoo the Skirmisher (level 4, -4/48 HPs)
             Began as an Ogre Skald on May 31, 2017.
             Slain by a gnoll
             ... wielding a +0 spear
              (9 damage)
             ... on level 1 of the Dungeon.
             The game lasted 00:03:09 (1821 turns).

inmateoo the Skirmisher (Ogre Skald)                Turns: 1821, Time: 00:03:10

Health: -4/48      AC:  3    Str: 15    XL:     4   Next: 3%
Magic:  7/7        EV: 10    Int: 14    God:
Gold:   59         SH:  0    Dex:  9    Spells: 4/7 levels left

rFire    . . .     SeeInvis .   e - +0 flail
rCold    . . .     Gourm    .   (no shield)
rNeg     . . .     Faith    .   a - +0 robe
rPois    .         Spirit   .   (helmet restricted)
rElec    .         Reflect  .   (no cloak)
rCorr    .         Harm     .   (gloves unavailable)
MR       .....                  (boots unavailable)
Stlth    +.........             (no amulet)
Regen    0.2/turn               (no ring)
MPRegen  0.1/turn               (no ring)

@: very slightly contaminated, invisible
A: unfitting armour, tough skin 1
a: no special abilities


You were on level 1 of the Dungeon.
You were not hungry.

You visited 1 branch of the dungeon, and saw 2 of its levels.

You collected 59 gold pieces.

Inventory:

Hand Weapons
 e - a +0 flail (weapon)
Missiles
 d - 47 stones (quivered)
Armour
 a - a +0 robe (worn)
Scrolls
 g - 3 scrolls of remove curse
Potions
 h - a potion of mutation
Books
 b - a book of Battle

   Spells                             Type                      Level
   a - Infusion                       Charms                       1
   b - Shroud of Golubria             Charms/Translocation         2
   c - Song of Slaying                Charms                       2
   d - Spectral Weapon                Hexes/Charms                 3
   e - Regeneration                   Charms/Necromancy            3
Comestibles
 c - a bread ration
 j - a royal jelly
 k - a meat ration


   Skills:
 + Level 3.6 Fighting
 - Level 2.1 Dodging
 * Level 3.3 Unarmed Combat
 - Level 2.4 Spellcasting
 - Level 2.6 Charms


You had 4 spell levels left.
You knew the following spells:

 Your Spells              Type           Power        Failure   Level  Hunger
a - Infusion              Chrm           #...         8%          1    #......
b - Shroud of Golubria    Chrm/Tloc      #.........   21%         2    ###....


Dungeon Overview and Level Annotations

Branches:
Dungeon (2/15)

Altars:


Innate Abilities, Weirdness & Mutations

You are too large for most types of armour.
You have tough skin. (AC +1)


Message History

The gnoll is moderately wounded.
The gnoll hits you with a spear.
* * * LOW HITPOINT WARNING * * *
You closely miss the gnoll.
The gnoll is lightly wounded.
The gnoll closely misses you.
You fade into invisibility!
The gnoll barely misses you.
You are very lightly contaminated with residual magic.
You thump the gnoll!
The gnoll is severely wounded.
The gnoll hits you with a spear!
* * * LOW HITPOINT WARNING * * *
The gnoll hits you with a spear.
* * * LOW HITPOINT WARNING * * *
Unknown command.
You hit the gnoll.
The gnoll is almost dead.
The gnoll hits you with a spear!
You die...

#.......########..#
########.......# #..#
#...........#.## ###..#
#...........#.# #.#..#
#...........#.# #....#
#...........#.# #.##.#
#...........#.#######....#
#...........#..........###
#........@................
#.......g...##########.#..
#...........##########.#.#
#.........................
#...........#........#.###
#....................#.###
########.............#...#
#######....รท........#...#
#...................#...#


You could see a gnoll.

Vanquished Creatures
  A gnoll (D:1)
  3 adders (D:2)
  A leopard gecko (D:1)
  A bat (D:1)
  3 giant cockroaches
  2 goblins (D:1)
  2 hobgoblins (D:1)
  4 frilled lizards (D:1)
  A kobold (D:1)
  6 rats (D:1)
24 creatures vanquished.

Notes
Turn   | Place    | Note
-------+----------+-------------------------------------------
     0 | D:1      | inmateoo the Ogre Skald began the quest for the Orb.
     0 | D:1      | Reached XP level 1. HP: 22/22 MP: 3/3
   382 | D:1      | Reached XP level 2. HP: 24/29 MP: 5/5
   817 | D:1      | Learned a level 2 spell: Shroud of Golubria
  1241 | D:2      | Reached XP level 3. HP: 14/37 MP: 6/6
  1691 | D:1      | Reached XP level 4. HP: 39/48 MP: 7/7
  1821 | D:1      | Slain by a gnoll

Skill      XL: |  1  2  3 |
---------------+----------+-----
Unarmed Combat | 2 3 |  3.3
Fighting       | 3 |  3.6
Dodging        | |  2.1
Spellcasting   | |  2.4
Charms         | |  2.6

Action                   |  1- 3 |  4- 6 || total
-------------------------+-------+-------++-------
Melee: Unarmed           |    23 |       ||    23
       Mace              |    75 |       ||    75
       Flail             |    11 |    13 ||    24
Throw: Stone             |    11 |     1 ||    12
 Cast: Infusion          |     2 |       ||     2
  Use: Scroll            |     4 |     1 ||     5
       Potion            |     3 |     1 ||     4
 Stab: Invisible         |     1 |       ||     1
  Eat: Chunk             |     2 |     1 ||     3
Armor: Robe              |    29 |     3 ||    32
Dodge: Dodged            |    79 |     6 ||    85
